 Dungeon Crawl Stone Soup version 0.23.2-30-g0e89c35649 (webtiles) character file.

Game seed: 17193087898387370364

1082 dvd the Magician (level 8, 0/47 HPs)
             Began as an Octopode Fire Elementalist on June 23, 2019.
             Was a Follower of Vehumet.
             Slain by a howler monkey (5 damage)
             ... on level 7 of the Dungeon.
             The game lasted 00:14:00 (6998 turns).

dvd the Magician (Octopode Fire Elementalist)       Turns: 6998, Time: 00:14:00

Health: 0/47       AC:  1    Str:  8    XL:     8   Next: 30%
Magic:  12/16      EV: 14    Int: 19    God:    Vehumet [*.....]
Gold:   361        SH:  0    Dex: 12    Spells: 4/18 levels left

rFire    . . .     SeeInvis .   a - +2 war axe (flame)
rCold    . . .     Gourm    +   (no shield)
rNeg     . . .     Faith    .   (helmet restricted)
rPois    .         Spirit   .   u - amulet of the gourmand
rElec    .         Reflect  .   (no ring)
rCorr    .         Harm     .   (no ring)
MR       .....                  (no ring)
Stlth    +++.......             (no ring)
HPRegen  0.15/turn              (no ring)
MPRegen  0.15/turn              (no ring)
                                (no ring)
                                (no ring)

@: no status effects
A: almost no armour, stealthy swim, amphibious, 8 rings, constrict 8, camouflage
1, gelatinous body 1
a: Renounce Religion


You were on level 7 of the Dungeon.
You worshipped Vehumet.
Vehumet was aware of your devotion.
You were completely stuffed.

You visited 2 branches of the dungeon, and saw 8 of its levels.

You collected 361 gold pieces.

Inventory:

Hand Weapons
 a - a +2 war axe of flaming (weapon)
Magical Staves
 c - an uncursed staff of conjuration
Jewellery
 u - an amulet of the gourmand (around mantle)
 w - an uncursed amulet of the acrobat
Wands
 h - a wand of random effects (11)
 n - a wand of flame (15)
Scrolls
 d - 3 scrolls of remove curse {unknown}
 e - a scroll of fear {unknown}
 g - a scroll of amnesia {unknown}
 j - 7 scrolls of identify
 q - a scroll of magic mapping {unknown}
 s - 2 scrolls of random uselessness {unknown}
 v - 3 scrolls of noise {unknown}
 x - 3 scrolls of immolation {unknown}
 y - a scroll of blinking {unknown}
 z - a scroll of enchant armour {unknown}
 A - a scroll of fog {unknown}
 B - 3 scrolls of enchant weapon {unknown}
 G - 5 scrolls of teleportation {unknown}
Potions
 k - a potion of resistance {unknown}
 l - 2 potions of lignification {unknown}
 m - 4 potions of brilliance {unknown}
 o - a potion of mutation {unknown}
 p - 4 potions of curing {unknown}
 r - a potion of heal wounds {unknown}
 t - 2 potions of cancellation {unknown}
 C - 2 potions of flight {unknown}
 D - a potion of agility {unknown}
 E - a potion of degeneration {unknown}
Comestibles
 b - 9 rations
 f - 7 chunks of flesh


   Skills:
 + Level 0.3 Fighting
   Level 1.0 Maces & Flails
 + Level 3.0 Dodging
 + Level 4.2 Stealth
 + Level 5.5 Spellcasting
 + Level 4.7 Conjurations
 + Level 5.4 Fire Magic
 + Level 0.1 Ice Magic


You had 4 spell levels left.
You knew the following spells:

 Your Spells              Type           Power        Failure   Level  Hunger
a - Flame Tongue          Conj/Fire      ###..        1%          1    None
b - Throw Flame           Conj/Fire      ###...       2%          2    None
c - Sticky Flame          Conj/Fire      ###.....     14%         4    ####...
d - Throw Frost           Conj/Ice       ##....       7%          2    None
e - Fireball              Conj/Fire      ###.......   38%         5    #####..

Your spell library contained the following spells:

 Spells                   Type           Power        Failure   Level  Hunger
 Sting                    Conj/Pois      ##..         4%          1    None
 Conjure Flame            Conj/Fire      ###.....     4%          3    ##.....
 Freeze                   Ice            #...         12%         1    None
 Inner Flame              Hex/Fire       ###.....     12%         3    ##.....
 Ozocubu's Armour         Chrm/Ice       #.......     34%         3    ##.....
 Throw Icicle             Conj/Ice       ##......     41%         4    ####...
 Summon Ice Beast         Ice/Summ       #.......     75%         4    ####...


Dungeon Overview and Level Annotations

Branches:
Dungeon (7/15)             Temple (1/1) D:5

Altars:
Ashenzari
Cheibriados
Dithmenos
Elyvilon
Fedhas
Gozag
Hepliaklqana
Kikubaaqudgha
Makhleb
Nemelex Xobeh
Okawaru
Qazlal
Ru
Sif Muna
Trog
Uskayaw
Vehumet
Wu Jian
Xom
Yredelemnul
Zin
The Shining One

Shops:
D:5 *


Innate Abilities, Weirdness & Mutations

You cannot wear most types of armour.
You are very stealthy in the water. (Stealth+)
You are amphibious.
You can wear up to eight rings at the same time.
You can use your tentacles to constrict eight enemies at once.
Your skin changes colour to match your surroundings (Stealth+).
Your rubbery body absorbs attacks. (AC +1, EV +1)


Message History

You hear an angry hiss.
The howler monkey hits you. The howler monkey barely misses you.
The orc wizard gestures wildly while chanting.
The orc wizard seems to speed up.
The howler monkey hits you!
You closely miss the orc warrior. Your grab misses the orc warrior.
The orc warrior is almost dead.
You hit the howler monkey. You burn the howler monkey.
The howler monkey hoots and howls with incredible vigour!
The orc warrior hits you with a +0 flail!
A howler monkey comes into view.
The howler monkey hoots and howls with incredible vigour!
The howler monkey hits you!
* * * LOW HITPOINT WARNING * * *
The orc warrior hits you with a +0 flail!
* * * LOW HITPOINT WARNING * * *
You hear a shout! x2; You hear an angry hiss.
The howler monkey closely misses you.
Unknown command.
The howler monkey hits you.
You die...

....!...........
............#..# ...#..
.......#....#..###...#..
.......................
.......#.......# .....
.......#÷......# ...#
(.....÷.÷......##...#
...........o.oh.h...##..
..............oh@.......
..............####......
..##.#........# .##..
..####.#....o## #
...............
..####.#......#
...............
..............o.
#####.##.#.......


You could see an orc warrior, 3 howler monkeys, an orc wizard and an orc.

Vanquished Creatures
  Sigmund (D:3)
  A phantom (D:4)
  An ogre (D:6)
  2 scorpions
  A howler monkey (D:6)
  A centaur zombie (D:4)
  A crimson imp (D:7)
  2 jellies (D:5)
  An orc wizard (D:4)
  An orc priest (D:3)
  A hound (D:6)
  A bullfrog skeleton (D:7)
  Jessica (D:2)
  An iguana (D:4)
  4 worker ants
  Robin (D:2)
  7 adders
  2 shadow imps
  An adder skeleton (D:4)
  An adder zombie (D:5)
  3 worms
  2 dart slugs
  5 leopard geckos
  14 orcs
  6 giant cockroaches
  21 goblins
  9 hobgoblins
  8 jackals
  8 kobolds
  3 quokkas (D:4)
  8 bats
  2 frilled lizards (D:1)
  A jackal skeleton (D:4)
  A leopard gecko skeleton (D:4)
  5 rats
128 creatures vanquished.

Notes
Turn   | Place    | Note
-------+----------+-------------------------------------------
     0 | D:1      | dvd the Octopode Fire Elementalist began the quest for the
                  | Orb.
     0 | D:1      | Reached XP level 1. HP: 11/11 MP: 3/3
   183 | D:1      | Reached XP level 2. HP: 17/17 MP: 1/5
   241 | D:1      | Learned a level 2 spell: Throw Flame
   983 | D:2      | Noticed Robin
   995 | D:2      | Reached XP level 3. HP: 21/21 MP: 1/6
  1317 | D:2      | Killed Robin
  1420 | D:2      | Reached XP level 4. HP: 23/27 MP: 0/7
  1537 | D:2      | Learned a level 4 spell: Sticky Flame
  1559 | D:2      | Found a basalt altar of Yredelemnul.
  1618 | D:2      | Noticed Jessica
  1627 | D:2      | Killed Jessica
  1959 | D:2      | Found an opulent altar of Gozag.
  1959 | D:2      | Found a hide-covered altar of Uskayaw.
  1965 | D:2      | Found a sparkling altar of Nemelex Xobeh.
  1966 | D:2      | Found a glowing silver altar of Zin.
  1966 | D:2      | Found a shimmering altar of Xom.
  2152 | D:2      | Reached XP level 5. HP: 22/31 MP: 3/9
  2954 | D:3      | Noticed Sigmund
  2963 | D:3      | Killed Sigmund
  2963 | D:3      | Reached XP level 6. HP: 29/36 MP: 0/11
  3711 | D:4      | Noticed a phantom
  3832 | D:4      | Reached XP level 7. HP: 41/41 MP: 6/13
  3958 | D:4      | Reached skill level 1 in Maces & Flails
  4642 | D:5      | Entered Level 5 of the Dungeon
  4688 | D:5      | Found a staircase to the Ecumenical Temple.
  4700 | Temple   | Entered the Ecumenical Temple
  4712 | Temple   | Became a worshipper of Vehumet
  4925 | D:5      | Found Pazaes's General Store.
  5004 | D:5      | Reached skill level 5 in Fire Magic
  5696 | D:6      | Learned a level 2 spell: Throw Frost
  5706 | D:6      | Reached skill level 5 in Spellcasting
  5913 | D:6      | Reached XP level 8. HP: 13/46 MP: 7/15
  6641 | D:7      | Noticed a hippogriff
  6843 | D:7      | Learned a level 5 spell: Fireball
  6852 | D:7      | Reached * piety under Vehumet
  6852 | D:7      | Offered knowledge of Sting by Vehumet.
  6998 | D:7      | Slain by a howler monkey

Skill      XL: |  1  2  3  4  5  6  7 |
---------------+----------------------+-----
Stealth        | 3 4 |  4.2
Conjurations   | 2 3 4 |  4.7
Spellcasting   | 3 4 5 |  5.5
Fire Magic     | 4 5 |  5.4
Dodging        | 3 |  3.0
Maces & Flails | 1 |  1.0
Fighting       | |  0.3
Ice Magic      | |  0.1

Action                   |  1- 3 |  4- 6 |  7- 9 || total
-------------------------+-------+-------+-------++-------
Melee: Whip              |    12 |    18 |     3 ||    33
       Unarmed           |     1 |       |       ||     1
       Constrict         |     4 |     7 |     4 ||    15
       Tentacles         |     1 |     2 |     3 ||     6
       War axe           |       |       |    10 ||    10
 Cast: Flame Tongue      |    48 |    74 |    71 ||   193
       Throw Flame       |     9 |    20 |    23 ||    52
       Sticky Flame      |       |     2 |     7 ||     9
       Throw Frost       |       |       |     6 ||     6
  Use: Scroll            |       |     1 |       ||     1
  Eat: Chunk             |     3 |    21 |    11 ||    35
Armor: Skin              |     2 |     1 |       ||     3
Dodge: Dodged            |    17 |    30 |    22 ||    69
